 Seeded DCSS version 0.29.1-15-g9cfb28693d (webtiles) character file.

Game seed: 1 (custom seed)

2812 Kazon the Protected (level 9, -15/108 HPs)
             Began as a Barachi Fighter on Apr 3, 2023.
             Was an Initiate of the Shining One.
             Demolished by Maggie
             ... wielding a +0 glaive
              (18 damage)
             ... on level 6 of the Dungeon.
             The game lasted 00:25:02 (5280 turns).

Kazon the Protected (Barachi Fighter)               Turns: 5280, Time: 00:25:03

Health: -15/108    AC:  7    Str: 18    XL:     9   Next: 72%
Magic:  10/10      EV:  4    Int: 10    God:    the Shining One [......]
Gold:   380        SH:  6    Dex: 19    Spells: 8/8 levels left

rFire   . . .      SeeInvis .   e - +2 dagger (venom)
rCold   + . .      Faith    .   c - +0 buckler
rNeg    + . .      Spirit   .   t - +0 crystal plate armour "Ipsewk" {Dex+5}
rPois   .          Reflect  .   j - +0 helmet
rElec   .          Harm     .   (no cloak)
rCorr   .          Rampage  .   (no gloves)
Will    .....                   l - +2 pair of boots
Stlth   ..........              f - amulet of the acrobat
HPRegen 0.28/turn               r - ring of positive energy
MPRegen 0.12/turn               D - ring of protection from cold

@: berserking, corroded, glowing, very quick
A: amphibious, slowness 1, strong legs 1, +LOS
a: Hop, Renounce Religion


You were on level 6 of the Dungeon.
You worshipped the Shining One.
The Shining One was noncommittal.
You visited 2 branches of the dungeon, and saw 8 of its levels.

You collected 380 gold pieces.

Inventory:

Hand Weapons
 e - a +2 dagger of venom (weapon)
 s - a +1 long sword of protection
 w - a +1 sling of flaming
Missiles
 m - 37 stones (quivered)
 o - 5 boomerangs
 B - 3 curare-tipped darts
 H - 8 poisoned darts
Armour
 c - a +0 buckler (worn)
 j - a +0 helmet (worn)
 l - a +2 pair of boots (worn)
 t - the +0 crystal plate armour "Ipsewk" (worn) {Dex+5}
   (You acquired it on level 1 of the Dungeon)

   Dex:       It affects your dexterity (+5).
Jewellery
 f - an amulet of the acrobat (around neck)
 r - a ring of positive energy (left hand)
 D - a ring of protection from cold (right hand)
Wands
 y - a wand of mindburst (19)
 A - a wand of flame (8)
 F - a wand of paralysis (10)
Scrolls
 i - 6 scrolls of identify
 n - 2 scrolls of immolation {unknown}
 p - a scroll of poison {unknown}
 q - 2 scrolls of fog {unknown}
 u - a scroll of teleportation {unknown}
 v - 2 scrolls of noise {unknown}
 x - a scroll of magic mapping {unknown}
 E - 2 scrolls of enchant weapon {unknown}
 I - a scroll of fear {unknown}
Potions
 a - 2 potions of ambrosia {unknown}
 b - 2 potions of berserk rage
 d - 2 potions of might
 g - a potion of flight
 h - a potion of attraction {unknown}
 k - 2 potions of haste
 z - 4 potions of lignification
 C - 2 potions of cancellation
 G - a potion of curing


   Skills:
 + Level 7.1 Fighting
 + Level 5.3(7.0) Short Blades
 + Level 7.6(8.5) Long Blades
 + Level 4.8 Ranged Weapons
 + Level 4.8 Throwing
 + Level 8.1 Armour
 + Level 4.3 Dodging
 + Level 6.6 Shields
 * Level 1.7 Invocations
 * Level 3.6 Evocations


You had 8 spell levels left.
You didn't know any spells.
Your spell library contained the following spells:

 Spells                   Type           Power      Damage    Failure   Level
 Apportation              Tloc           0%         N/A       100%        1
 Necrotise                Necr           0%         1d4       100%        1
 Sting                    Tmut/Pois      0%         1d3       100%        1
 Summon Small Mammal      Summ           0%         N/A       100%        1
 Poisonous Vapours        Pois/Air       0%         N/A       100%        2
 Olgreb's Toxic Radiance  Pois           0%         N/A       100%        4
 Fireball                 Conj/Fire      0%         3d3       100%        5
 Iskenderun's Battlesphe  Conj           0%         2d6       100%        5
 Conjure Ball Lightning   Conj/Air       0%         3x3d6     100%        6
 Orb of Destruction       Conj           0%         9d5       100%        7


Dungeon Overview and Level Annotations

Branches:
Dungeon (7/15)             Temple (1/1) D:7

Altars:
Ashenzari
Cheibriados
Dithmenos
Fedhas
Gozag
Hepliaklqana
Kikubaaqudgha
Makhleb
Okawaru
Qazlal
Ru
Uskayaw
Vehumet
Wu Jian
Yredelemnul
Zin
The Shining One

Shops:
D:3 (

Annotations:
D:6 Maggie


Innate Abilities, Weirdness & Mutations

You are amphibious.
You cover ground slowly.
You can hop short distances.
You have an extended range of vision and can be seen from far away.


Message History

You hit the jelly. The acid corrodes you!
Your hands burn!
The jelly is moderately wounded.
The jelly hits you. The acid corrodes you!
You are splashed with acid.
The jelly barely misses you.
You hit the jelly but do no damage.
Your hands burn!
The jelly is heavily wounded.
You hit the jelly but do no damage.
Your hands burn!
The jelly is heavily wounded.
You block the jelly's attack.
You hit the jelly but do no damage.
Your hands burn!
The jelly is heavily wounded.
The jelly hits you but does no damage. You block the jelly's attack.
You slash the jelly!
Your hands burn!
The jelly is almost dead.
You kill the jelly!
Your +1 long sword of protection goes still.
Your +2 dagger of venom begins to drip with poison!
e - a +2 dagger of venom (weapon)
You hit Maggie but do no damage. Maggie barely misses you.
You barely miss Maggie. Maggie hits you with a +0 glaive.
You hit Maggie but do no damage. You hit Maggie but do no damage.
Maggie is poisoned.
Maggie hits you with a +0 glaive!
* * * LOW HITPOINT WARNING * * *
You hit Maggie but do no damage.
Maggie looks even sicker.
Maggie is lightly wounded.
Maggie hits you with a +0 glaive!
* * * LOW HITPOINT WARNING * * *
You hit Maggie but do no damage.
Maggie looks as sick as possible!
Maggie is lightly wounded.
You hit Maggie but do no damage.
Maggie is lightly wounded.
Maggie hits you with a +0 glaive. The Shining One protects you from harm!
Unknown command.
It was a potion of berserk rage.
A red film seems to cover your vision as you go berserk!
You feel yourself moving faster!
You feel mighty! Maggie hits you with a +0 glaive!!
You die...

#.#.##)..#..##)#####....#
#.#.#....#...#'#...'..#>#
#.#.#...'#........##..#.#
#.#.#.###........###.##.#
#.#.####.........#.#....#
#.#.'.."....#...#'[#.##.#
#.#.####.........#.#.####
#...# ##@!......###.#
#.#)#...'#@.......##.#
#.#.#....#...#+#...'.#
#.#.##$.J#..## #####.#
#.#.##..@#.## #.#
#.#.####.#.# #.#
#...######+#########.#
#.#..................#
#............#########
##############


You could see Maggie (extremely poisoned).

Vanquished Creatures
  Eustachio (D:5)
  Menkaure (D:5)
  2 water moccasins
  2 orc warriors (D:6)
  3 sky beasts
  A black bear (D:6)
  3 centaurs
  2 kobold brigands
  3 necrophages
  A bullfrog (Temple)
  A gnoll sergeant (D:7)
  5 scorpions
  A howler monkey (D:5)
  A jelly (D:6)
  A hound (D:4)
  5 orc priests
  3 iguanas
  Robin (D:3)
  10 gnolls
  11 adders
  An ufetubus (D:5)
  3 worms
  19 orcs
  11 endoplasms
  A giant cockroach (D:1)
  16 goblins
  9 hobgoblins
  A jackal (D:4)
  17 kobolds
  A quokka (D:1)
  5 ball pythons
  4 bats
  3 frilled lizards
  6 rats
155 creatures vanquished.

Notes
Turn   | Place    | Note
-------+----------+-------------------------------------------
     0 | D:1      | Kazon the Barachi Fighter began the quest for the Orb.
     0 | D:1      | Reached XP level 1. HP: 18/18 MP: 1/1
    32 | D:1      | Identified a scroll of acquirement
    32 | D:1      | Acquired the +0 crystal plate armour "Ipsewk" {Dex+5}
   130 | D:1      | Reached skill level 4 in Armour
   130 | D:1      | Reached XP level 2. HP: 24/24 MP: 2/2
   638 | D:2      | Reached XP level 3. HP: 30/30 MP: 3/3
  1024 | D:2      | HP: 1/30 [poisoned by a kobold]
  1400 | D:2      | Reached XP level 4. HP: 16/37 MP: 4/4
  1792 | D:3      | Found Umat's Antique Weapon Boutique.
  2074 | D:3      | Noticed Robin
  2086 | D:3      | Killed Robin
  2107 | D:3      | Reached XP level 5. HP: 42/42 MP: 5/5
  2128 | D:3      | Reached skill level 1 in Short Blades
  2349 | D:3      | Reached skill level 6 in Armour
  2349 | D:3      | Reached skill level 5 in Shields
  2349 | D:3      | Reached XP level 6. HP: 53/53 MP: 6/6
  2952 | D:4      | Reached skill level 7 in Armour
  2952 | D:4      | Reached XP level 7. HP: 53/59 MP: 7/7
  2999 | D:4      | Found a hazy altar of Hepliaklqana.
  3337 | D:5      | Entered Level 5 of the Dungeon
  3495 | D:5      | Noticed Eustachio
  3525 | D:5      | Killed Eustachio
  3526 | D:5      | Reached skill level 1 in Evocations
  3526 | D:5      | Reached XP level 8. HP: 21/65 MP: 8/8
  4007 | D:5      | Reached skill level 5 in Short Blades
  4094 | D:5      | Noticed Menkaure
  4096 | D:5      | Killed Menkaure
  4433 | D:6      | Reached XP level 9. HP: 65/71 MP: 9/9
  4521 | D:7      | Found a staircase to the Ecumenical Temple.
  4531 | Temple   | Entered the Ecumenical Temple
  4552 | Temple   | Became a worshipper of the Shining One
  4639 | D:7      | Found a hide-covered altar of Uskayaw.
  4837 | D:6      | Reached skill level 8 in Armour
  5003 | D:6      | Reached skill level 1 in Invocations
  5257 | D:6      | Noticed Maggie
  5277 | D:6      | HP: 2/72 [Maggie/+0 glaive (12)]
  5279 | D:6      | The Shining One protects you from harm!
  5280 | D:6      | Demolished by Maggie

Illustrated notes

Levels and vault maps discovered:
D:1:      dpeg_arrival_three_smaller_balls, layout_basic
D:2:      layout_loops_ring
D:3:      layout_basic, serial_shops, nicolae_shop_stone, st_stairs_9,
          minmay_misc_feat_doors, eino_curves_03, uniq_robin
D:4:      minmay_wonky_spiral, layout_basic,
          mainiacjoe_overflow_surrounded_room, minivault_5
D:5:      layout_cave_pods, uniq_menkaure, uniq_eustachio
D:6:      cheibrodos_barr_body, layout_basic, minmay_crystal_room,
          minmay_pentangle, uniq_maggie, uniq_edmund
D:7:      layout_cave_pools, nicolae_uskayaw_murder_on_the_dancefloor,
          elyvilon_altar_4, minmay_temple_entry_purple_smoke
Temple:   nicolae_temple_bog_church

Skill      XL: |  1  2  3  4  5  6  7  8  9 |
---------------+----------------------------+-----
Armour         | 4 6 7 8 |  8.1
Long Blades    | 3 4 6 7 |  7.6
Fighting       | 4 6 7 |  7.1
Short Blades   | 4 5 |  5.3
Ranged Weapons | 3 4 |  4.8
Throwing       | 4 |  4.8
Dodging        | 4 |  4.3
Shields        | 5 6 |  6.6
Evocations     | 1 2 3 |  3.6
Invocations    | 1 |  1.7

Action                   |  1- 3 |  4- 6 |  7- 9 || total
-------------------------+-------+-------+-------++-------
Melee: Long sword        |    62 |       |   195 ||   257
       Dagger            |    19 |    99 |   199 ||   317
 Fire: Sling             |       |    24 |    10 ||    34
Throw: Stone             |     3 |    20 |    38 ||    61
Evoke: Wand              |       |       |     1 ||     1
  Use: Scroll            |     1 |       |     6 ||     7
       Potion            |       |     1 |     3 ||     4
Armor: Scale mail        |    16 |       |       ||    16
       Crystal plate arm |    48 |    55 |   346 ||   449
Dodge: Dodged            |    28 |     8 |    79 ||   115
Block: Buckler           |    16 |    17 |   144 ||   177
